Map: Ruins of Endion

Players

Marcelino

  • Race: Terran Terran
  • League: Platinum

blackxored - Winner!

  • Race: Zerg Zerg
  • League: Diamond

VOD

Have the link to the VOD?

Description

Time

  • Played on: July 3, 2016, 11:12 a.m.
  • Length: 13:34
Show
View Real Time Build Order
Export as new Build Order

Marcelino Terran 

Build Orders: Reaper Expand, Bio Tank 

Get SALT Encoding   

  12  0:03  SCV  
  13  0:15  SCV  
  13  0:18  Supply Depot  
  14  0:27  SCV  
  15  0:39  SCV  
  15  0:42  Barracks  
  16  0:47  Refinery  
  16  0:52  SCV  
  17  1:04  SCV  
  18  1:16  SCV  
  19  1:30  Orbital Command  
  19  1:31  Reaper  
  20  1:45  Command Center  
  20  1:55  Barracks  
  20  1:58  SCV  
  21  2:11  SCV  
  22  2:19  Barracks Reactor  
  22  2:23  Supply Depot, SCV  
  23  2:44  SCV  
  23  2:50  Barracks Tech Lab  
  24  2:52  Refinery  
  24  2:56  SCV  
  24  2:57  Factory  
  25  3:09  SCV  
  25  3:12  Orbital Command  
  26  3:14  Marine x2  
  26  3:15  Marine  
  26  3:16  Stimpack  
  29  3:21  SCV  
  30  3:33  SCV  
  31  3:36  Marine x3  
  31  3:39  SCV  
  34  3:43  Starport, Factory Reactor  
  34  3:45  SCV  
  34  3:51  SCV  
  34  3:54  Marine x3  
  38  3:55  Supply Depot  
  38  3:57  SCV  
  39  4:03  SCV  
  39  4:09  Supply Depot, SCV  
  41  4:12  Supply Depot, Marine  
  41  4:16  SCV  
  43  4:22  SCV  
  44  4:29  Marine x3  
  44  4:30  SCV  
  48  4:34  Bunker  
  48  4:38  Engineering Bay  
  48  4:39  Medivac x2  
  48  4:40  Engineering Bay  
  48  4:44  Factory Tech Lab  
  52  4:46  Marine, SCV x2  
  52  4:47  Marine  
  56  4:55  Supply Depot  
  56  4:56  Supply Depot  
  56  4:57  Marine  
  56  4:58  SCV  
  58  5:04  Marine x2, SCV  
  61  5:09  Medivac  
  63  5:22  Siege Tank  
  63  5:23  Marine x3  
  63  5:25  Combat Shields  
  69  5:41  Marine x3  
  66  5:47  Medivac  
  61  5:50  SCV x2  
  62  5:59  Marine x3  
  62  6:02  SCV x2  
  67  6:07  Terran Infantry Weapons Level 1  
  67  6:09  Barracks  
  67  6:10  Barracks  
  67  6:11  Command Center  
  67  6:16  Marine x2  
  69  6:24  SCV x2  
  71  6:27  Refinery x2  
  71  6:46  Marine x3  
  74  6:47  Siege Tank  
  77  7:03  Barracks Reactor  
  77  7:04  Marine x3, Barracks Tech Lab  
  80  7:11  Terran Infantry Armor Level 1  
  80  7:17  SCV x2  
  80  7:19  Siege Tank  
  80  7:21  Marine  
  86  7:22  Supply Depot, Marine x2  
  86  7:23  Supply Depot  
  86  7:26  Supply Depot x2  
  88  7:31  Marine  
  89  7:38  Barracks  
  89  7:39  Marine, Barracks  
  89  7:40  Marine x2  
  92  7:45  Marine x2  
  92  7:48  Orbital Command  
  92  7:49  Marine  
  95  7:54  Refinery  
  95  7:57  Marine  
  96  7:58  Marine x2  
  96  7:59  SCV x2  
  96  8:03  Marine x2  
  102  8:07  Marine  
  102  8:11  SCV x2  
  102  8:12  Liberator x2  
  105  8:14  Armory  
  105  8:15  Marine  
  105  8:16  Marine  
  107  8:28  Siege Tank  
  107  8:31  SCV x2  
  118  8:37  Marine x4  
  118  8:38  Marine, Marauder  
  125  8:55  Marine x3  
  127  8:56  Marauder  
  127  8:59  Marine x2  
  132  9:03  Siege Tank  
  132  9:04  SCV  
  132  9:05  SCV  
  132  9:09  Factory  
  137  9:13  Marine x3  
  139  9:17  Marine  
  100  9:39  Marine x6  
  90  9:54  Siege Tank  
  90  9:56  Marine  
  90  9:57  Marine x5  
  90  10:06  Medivac x2  
  94  10:07  Factory Tech Lab  
  94  10:12  Barracks Reactor, Barracks Tech Lab  
  94  10:14  Marine x3  
  94  10:15  Marine x3  
  100  10:27  Siege Tank  
  100  10:28  Siege Tank  
  106  10:30  Marine  
  106  10:32  Marine x4  
  106  10:33  Marine x2  
  113  10:48  Marine x2  
  114  10:50  Marine x6  
  114  10:51  Marine  
  120  11:00  Widow Mine  
  120  11:05  Marine  
  120  11:06  Terran Infantry Armor Level 2, Marine, Terran Infantry Weapons Level 2  
  120  11:07  Marine  
  120  11:08  Marine x6, Terran Vehicle Weapons Level 1  
  129  11:18  SCV x2  
  125  11:23  Marine, Command Center  
  125  11:24  Marine  
  127  11:25  Marine x2  
  127  11:26  Marine x3  
  127  11:27  Marauder x2  
  127  11:28  Widow Mine  
  138  11:36  Missile Turret  
  138  11:37  Missile Turret  
  138  11:42  Marine, Marauder  
  138  11:43  Marine x3  
  138  11:44  Marine  
  141  11:48  Marauder x2  
  141  11:53  Marine  
  112  11:56  Medivac x2  
  112  11:57  Siege Tank  
  112  11:59  Marine, SCV x2  
  112  12:00  SCV  
  112  12:01  Marine x4  
  123  12:03  Marauder  
  123  12:05  Siege Tank  
  132  12:11  SCV  
  133  12:19  Marauder x2  
  137  12:24  Marauder  
  137  12:29  Siege Tank  
  142  12:37  Siege Tank  
  138  12:50  Marine x6  
  138  12:51  Marine x2  
  138  12:52  Marauder  
  130  13:01  Siege Tank  
  124  13:08  Marine x6  
  124  13:09  Marauder x2  
Show
View Real Time Build Order
Export as new Build Order

blackxored Zerg - Winner!

Build Orders: Hatch First, Muta Ling Bane 

Get SALT Encoding   

  12  0:01  Drone  
  13  0:08  Drone  
  14  0:17  Overlord  
  14  0:28  Extractor  
  14  0:29  Drone  
  15  0:38  Drone x2  
  17  0:54  Hatchery  
  16  0:57  Drone  
  16  0:59  Drone  
  18  1:12  Extractor  
  18  1:15  Spawning Pool  
  18  1:17  Drone  
  17  1:20  Drone  
  18  1:28  Drone  
  19  1:38  Overlord  
  19  1:59  Drone  
  20  2:09  Zergling x4  
  20  2:13  Zergling x2  
  20  2:15  Metabolic Boost  
  23  2:16  Queen  
  23  2:17  Queen  
  23  2:19  Drone  
  23  2:21  Drone  
  29  2:35  Hatchery  
  28  2:43  Overlord  
  28  2:51  Drone x3  
  30  3:05  Drone x4  
  34  3:07  Pneumatized Carapace  
  34  3:14  Queen  
  34  3:19  Drone  
  37  3:20  Drone  
  37  3:23  Drone  
  39  3:36  Drone x4  
  43  3:42  Overlord  
  43  3:48  Drone x2  
  43  3:49  Drone x2  
  43  3:55  Queen  
  47  4:00  Queen  
  51  4:05  Queen  
  53  4:33  Drone x5  
  53  4:34  Overlord x2  
  53  4:35  Overlord x2  
  58  4:46  Baneling Nest, Drone  
  58  4:52  Queen  
  60  4:57  Overlord  
  60  5:06  Zergling x2  
  60  5:07  Zergling x20  
  67  5:13  Hatchery  
  70  5:16  Lair  
  70  5:19  Zergling x4  
  70  5:20  Zergling x6  
  75  5:36  Hatchery  
  69  6:03  Drone x16  
  85  6:12  Queen  
  85  6:14  Queen  
  85  6:16  Extractor, Drone x2  
  85  6:17  Extractor  
  89  6:19  Extractor  
  89  6:20  Extractor  
  89  6:21  Extractor, Drone  
  89  6:22  Drone x2  
  89  6:25  Drone  
  90  6:34  Drone x3  
  90  6:39  Drone x3  
  96  6:41  Centrifical Hooks  
  96  6:44  Drone x2, Evolution Chamber  
  96  6:46  Evolution Chamber  
  96  6:48  Overlord x3  
  96  7:01  Queen  
  98  7:10  Spire  
  98  7:14  Baneling x18  
  97  7:24  Zerg Melee Weapons Level 1  
  97  7:29  Overlord  
  97  7:31  Overlord  
  97  7:32  Overlord  
  97  7:33  Overlord  
  97  7:35  Overlord  
  97  7:42  Zerg Ground Armor Level 1  
  97  7:45  Overseer  
  97  7:46  Overseer  
  97  7:52  Drone x15  
  97  7:53  Drone  
  113  8:02  Zergling x24  
  113  8:04  Baneling x5  
  113  8:05  Baneling  
  125  8:21  Zergling x10  
  125  8:22  Zergling x22  
  141  8:27  Extractor x2  
  139  8:38  Overlord  
  139  8:49  Mutalisk x2  
  139  8:50  Mutalisk x3  
  149  9:05  Infestation Pit  
  110  9:26  Zergling x12  
  110  9:27  Zergling x48  
  129  9:39  Zergling x24  
  135  9:50  Zergling x4  
  133  9:59  Baneling x15  
  132  10:00  Baneling  
  132  10:04  Zerg Ground Armor Level 2, Zerg Melee Weapons Level 2  
  132  10:08  Hive  
  130  10:19  Zergling x24  
  130  10:20  Overlord  
  130  10:21  Overlord x2  
  142  10:24  Overseer  
  142  10:33  Overlord  
  142  10:47  Zergling x2  
  142  10:48  Zergling x40  
  161  10:50  Hatchery  
  152  10:58  Mutalisk x6  
  164  11:12  Mutalisk x5  
  174  11:19  Overlord x5  
  174  11:37  Queen  
  147  11:48  Zergling x6  
  147  11:49  Zergling x44  
  143  11:55  Zergling x6  
  143  11:58  Baneling x19  
  143  11:59  Baneling x9  
  146  12:07  Ultralisk Cavern  
  145  12:26  Zergling x2  
  145  12:27  Zergling x40  
  160  12:47  Mutalisk x6  
  154  13:01  Zergling x30  
  154  13:02  Zergling x10  
Tags
 
Add a new tag
Caveats
  • Supply blocks, unpowered buildings, or Contaminate may cause inaccurate times.
  • Supply counts are checked every 10 seconds.